 Dungeon Crawl Stone Soup version 0.24-a0-458-gfcb5e6da0e (webtiles) character file.

Game seed: 15692290465511035312

64 Gargoyl the Skirmisher (level 3, 0/31 HPs)
             Began as a Centaur Abyssal Knight on June 27, 2019.
             Was a Follower of Lugonu.
             Killed from afar by Natasha (4 damage)
             ... with a magic dart
             ... on level 2 of the Dungeon.
             The game lasted 00:01:44 (1163 turns).

Gargoyl the Skirmisher (Centaur Abyssal Knight)     Turns: 1163, Time: 00:01:44

Health: 0/31       AC:  5    Str: 14    XL:     3   Next: 91%
Magic:  4/4        EV: 11    Int: 11    God:    Lugonu [*.....]
Gold:   98         SH:  0    Dex:  9    Spells: 2/2 levels left

rFire    . . .     SeeInvis .   a - +1 hand axe
rCold    . . .     Gourm    .   (no shield)
rNeg     . . .     Faith    .   e - +0 ring mail
rPois    +         Spirit   .   (no helmet)
rElec    .         Reflect  .   (no cloak)
rCorr    .         Harm     .   (no gloves)
MR       .....                  (no barding)
Stlth    ..........             (no amulet)
HPRegen  0.10/turn              d - +3 ring of evasion
MPRegen  0.09/turn              f - ring of poison resistance

@: slowed
A: large, hooves 3, deformed body, speed 2, tough skin 3
a: Depart the Abyss, Renounce Religion


You were on level 2 of the Dungeon.
You worshipped Lugonu.
Lugonu was aware of your devotion.
You were not hungry.

You visited 1 branch of the dungeon, and saw 2 of its levels.
You visited the Abyss 1 time.

You collected 98 gold pieces.

Inventory:

Hand Weapons
 a - a +1 hand axe (weapon)
Armour
 b - a +0 leather armour
 e - a +0 ring mail (worn)
Jewellery
 d - a +3 ring of evasion (left hand)
 f - a ring of poison resistance (right hand)
Scrolls
 j - a scroll of remove curse
Potions
 g - 2 potions of might {unknown}
 h - a potion of heal wounds {unknown}
 i - a potion of magic {unknown}
Comestibles
 c - 4 rations


   Skills:
 + Level 3.5 Fighting
 + Level 2.2 Axes
 * Level 2.0 Armour
 * Level 1.2 Dodging
 * Level 2.4 Invocations


You had 2 spell levels left.
You didn't know any spells.
Your spell library was empty.

Dungeon Overview and Level Annotations

Branches:
Dungeon (2/15)

Altars:
Cheibriados

Annotations:
D:2 Natasha


Innate Abilities, Weirdness & Mutations

You have hooves in place of feet.
Armour fits poorly on your strangely shaped body.
You cover ground very quickly.
You have extremely tough skin. (AC +3)


Message History

You barely miss Natasha.
Natasha is severely wounded.
Natasha claws you.
* * * LOW HITPOINT WARNING * * *
Natasha casts a spell.
You hit Natasha.
Natasha is severely wounded.
Natasha misses you. Natasha casts a spell at you. The magic dart hits you.
* * * LOW HITPOINT WARNING * * *
You closely miss Natasha.
Natasha is severely wounded.
You hit the shadow imp. The shadow imp gestures at you.
Pain shoots through your body!
* * * LOW HITPOINT WARNING * * *
Natasha casts a spell at you. The magic dart hits you.
You die...

##.....##
##.......##
#.........#
+.........+
#.........#
#.......#
#..h..# #.@5#
##'## #.# #.#
##.## ##...##
#.[...####
##.......# ####
##.#.#..#####.#


You could see Natasha and a shadow imp.

Vanquished Creatures
  Jessica (D:2)
  3 oozes (D:1)
  A leopard gecko (D:2)
  A giant cockroach (D:1)
  3 goblins (D:1)
  3 hobgoblins (D:1)
  6 kobolds
  5 bats (D:1)
  2 frilled lizards (D:1)
  A rat (D:1)
26 creatures vanquished.

Notes
Turn   | Place    | Note
-------+----------+-------------------------------------------
     0 | Abyss:1  | Gargoyl the Centaur Abyssal Knight began the quest for the
                  | Orb.
     0 | Abyss:1  | Reached XP level 1. HP: 19/19 MP: 2/2
   158 | Abyss:2  | Noticed a raiju
   161 | Abyss:2  | Noticed a thrashing horror
   164 | D:1      | Escaped the Abyss
   195 | D:1      | Found a snail-covered altar of Cheibriados.
   271 | D:1      | Reached * piety under Lugonu
   275 | D:1      | Reached XP level 2. HP: 4/26 MP: 3/3
   777 | D:1      | Reached skill level 1 in Dodging
   779 | D:1      | Reached XP level 3. HP: 15/31 MP: 4/4
  1091 | D:2      | Noticed Jessica
  1104 | D:2      | Killed Jessica
  1153 | D:2      | Noticed Natasha
  1163 | D:2      | Killed from afar by Natasha

Levels and vault maps discovered:
D:1:      nicolae_arrival_washed_ashore, layout_rooms, st_stairs_9,
          grunt_decor_cap, cheibriados_altar_1
D:2:      layout_loops_corners, first_ration, hangedman_decor_diamond_cutter,
          minmay_misc_feat_roman, uniq_natasha, uniq_jessica

Skill      XL: |  1  2  3 |
---------------+----------+-----
Axes           | 2 |  2.2
Dodging        | 1 |  1.2
Armour         | 2 |  2.0
Fighting       | |  3.5
Invocations    | |  2.4

Action                   || total
-------------------------++-------
Melee: Hand axe          ||   100
       Kick              ||    10
Invok: Depart the Abyss  ||     1
  Use: Scroll            ||     2
       Potion            ||     2
Armor: Ring mail         ||    36
       Skin              ||    18
Dodge: Dodged            ||    82

Table legend:
 A = Non-vault XP
 B = Vault XP
 C = Vault XP percentage of total XP
 D = Non-vault monster count
 E = Vault monster count
 F = Vault count percentage of total count
                 A         B        C        D         E       F
            +---------+---------+-------+---------+---------+-------
      Total |      49 |      43 |  46.7 |      21 |       5 |  19.2
            +---------+---------+-------+---------+---------+-------
        D:1 |      45 |       6 |  11.8 |      19 |       4 |  17.4
        D:2 |       4 |      37 |  90.2 |       2 |       1 |  33.3
            +---------+---------+-------+---------+---------+-------
